[Event "Titled Tuesday Blitz April 19 Late 2022"]
[White "Zor, Alber Kadir"]
[Black "Vusatiuk, Vladimir"]
[WhiteFideId "6353169"]
[BlackFideId "14118610"]
[WhiteElo "1966"]
[BlackElo "2157"]
[Result "0-1"]
[Round "04"]
[TimeControl "180+1"]
[Date "2022.04.19"]
[WhiteClock "0:00:52"]
[BlackClock "0:00:09"]

1. e4 c5 2. Nf3 d6 3. d4 cxd4 4. Nxd4 Nf6 5. Nc3 Nc6 6. Bg5 Bd7 7. Qd2 Rc8 8. O-O-O Nxd4 9. Qxd4 Qa5 10. f4 Rxc3 11. bxc3 e5 12. Qb4 Qxb4 13. cxb4 Nxe4 14. Bh4 g5 15. fxg5 h6 16. gxh6 Bxh6+ 17. Kb2 Bd2 18. Be1 Bxe1 19. Rxe1 Ng3 20. Rg1 Rxh2 21. Bc4 f5 22. Bd5 Bc6 23. Bxc6+ bxc6 24. Re3 f4 25. Rc3 Ne2 26. Rxc6 Nxg1 27. Rxd6 Ke7 28. Ra6 Rxg2 29. Rxa7+ Kd6 30. Ra6+ Kd5 31. Ra5+ Ke4 32. b5 f3 33. b6 f2 34. b7 Rg8 35. Ra8 f1=Q 36. Rxg8 Qb5+ 37. Ka1 Qxb7 38. Rxg1 Kf3 39. Rb1 Qc6 40. a3 Qc3+ 41. Ka2 e4 42. Rb3 Qxb3+ 43. Kxb3 e3 44. Kc4 e2 45. a4 e1=Q 46. Kb5 Qe2+ 47. Kb6 Qxc2 48. a5 Qc8 49. Ka7 Ke4 50. a6 Kd5 51. Kb6 Qb8+ 52. Ka5 Kc5 53. a7 Qb5# 0-1


[Site "https://www.chess.com"]

[Event "Titled Tuesday Blitz April 19 Late 2022"]
[White "Ahmadzada, Ahmad"]
[Black "Fernandez Siles, Luis"]
[WhiteFideId "13413007"]
[BlackFideId "2209420"]
[WhiteElo "2228"]
[BlackElo "2212"]
[Result "1-0"]
[Round "05"]
[TimeControl "180+1"]
[Date "2022.04.19"]
[WhiteClock "0:00:06"]
[BlackClock "0:00:15"]

1. Nf3 Nf6 2. g3 g6 3. Bg2 Bg7 4. O-O O-O 5. d4 d6 6. Nc3 d5 7. Re1 Bf5 8. Nh4 Bg4 9. h3 Bc8 10. Nf3 Ne4 11. Nxe4 dxe4 12. Ne5 c5 13. e3 f6 14. Nc4 cxd4 15. Bxe4 Nc6 16. exd4 Bxh3 17. d5 Na5 18. Nxa5 Qxa5 19. c4 f5 20. Bg2 Bg4 21. Qd2 Qc5 22. Qf4 Rac8 23. Be3 Qxc4 24. Qxc4 Rxc4 25. d6 e6 26. Bxa7 Rd8 27. Rxe6 f4 28. Bd5 Bxe6 29. Bxe6+ Kf8 30. Bxc4 Bxb2 31. Rb1 Be5 32. Rxb7 Bxd6 33. gxf4 h5 34. Rf7+ Ke8 35. Rh7 Bxf4 36. Bb5+ Kf8 37. Rh8+ Ke7 38. Bc5+ 1-0


[Site "https://www.chess.com"]

[Event "Titled Tuesday Blitz April 19 Late 2022"]
[White "Aigner, Michael"]
[Black "Hernandez Bermudez, Ulises Eduardo"]
[WhiteFideId "2017288"]
[BlackFideId "3902510"]
[WhiteElo "2409"]
[BlackElo "2056"]
[Result "1/2-1/2"]
[Round "05"]
[TimeControl "180+1"]
[Date "2022.04.19"]
[WhiteClock "0:00:46"]
[BlackClock "0:01:08"]

1. e4 c5 2. Nc3 Nc6 3. g3 g6 4. Bg2 Bg7 5. d3 d6 6. f4 e6 7. Nf3 Nge7 8. O-O O-O 9. Be3 b6 10. Bf2 a5 11. d4 Ba6 12. Re1 Rc8 13. Qd2 cxd4 14. Nxd4 Nxd4 15. Bxd4 e5 16. Be3 Qc7 17. Rac1 Rfd8 18. Nd5 Nxd5 19. Qxd5 Qc6 20. Qxc6 Rxc6 21. c3 a4 22. a3 Bc4 23. Rcd1 Bb3 24. Rd2 Rdc8 25. f5 Rd8 26. g4 d5 27. exd5 Rcd6 28. fxg6 hxg6 29. Kf2 Bf6 30. g5 Be7 31. h4 Bxd5 32. Bxd5 Rxd5 33. Rxd5 Rxd5 34. Re2 Rb5 35. Kf3 f5 36. gxf6 Bxf6 37. Bf2 Kf7 38. Ke4 Ke6 39. Rd2 Rb3 40. Be1 Rb5 41. Bg3 Rb3 42. Bf2 Rb5 43. Kd3 Rd5+ 44. Ke2 Rxd2+ 45. Kxd2 Bd8 46. c4 Kd6 47. Kd3 Kc6 48. b3 axb3 49. Kc3 e4 50. Kxb3 e3 51. Bxe3 Bxh4 1/2-1/2


[Site "https://www.chess.com"]

[Event "Titled Tuesday Blitz April 19 Late 2022"]
[White "Alekseenko, Kirill"]
[Black "Zhao, Jun"]
[WhiteFideId "4135539"]
[BlackFideId "8602522"]
[WhiteElo "2682"]
[BlackElo "2547"]
[Result "1-0"]
[Round "05"]
[TimeControl "180+1"]
[Date "2022.04.19"]
[WhiteClock "0:00:07"]
[BlackClock "0:00:01"]

1. e4 e5 2. Nf3 Nc6 3. Bb5 Nf6 4. d3 Bc5 5. Bxc6 dxc6 6. Qe2 Nd7 7. Be3 Bd6 8. Nbd2 O-O 9. O-O Re8 10. g3 Nf8 11. Nh4 Bh3 12. Ng2 Ng6 13. Kh1 Qd7 14. f3 a5 15. a4 b6 16. Rg1 Bb4 17. Bf2 Bxd2 18. Qxd2 Bxg2+ 19. Kxg2 c5 20. b3 f5 21. exf5 Qxf5 22. Rgf1 Rf8 23. Bg1 Rf7 24. Rae1 Raf8 25. Re4 Ne7 26. Qe2 Nc6 27. Be3 Qh5 28. Rh4 Qf5 29. Re4 Qh5 30. Qd1 Qf5 31. Rf2 Qg6 32. Qe2 Qf5 33. Qe1 Rf6 34. Qc3 Qh5 35. Qc4+ Qf7 36. Qxf7+ R8xf7 37. Bc1 Rf5 38. Bb2 h5 39. h3 Nd4 40. Bxd4 exd4 41. g4 hxg4 42. hxg4 Rf4 43. Rxf4 Rxf4 44. Re2 Kf7 45. Kg3 Rf6 46. f4 Re6 47. Rxe6 Kxe6 48. Kh4 Kf6 49. Kg3 c6 50. Kf3 Ke6 51. Ke4 b5 52. f5+ Kf6 53. Kf4 g5+ 54. fxg6 Kxg6 55. Ke5 Kg5 56. Kd6 c4 57. dxc4 bxc4 58. bxc4 Kxg4 59. Kc5 1-0


[Site "https://www.chess.com"]

[Event "Titled Tuesday Blitz April 19 Late 2022"]
[White "Ansh M Shah"]
[Black "Lock, Gavin R"]
[WhiteFideId "25033379"]
[BlackFideId "408646"]
[WhiteElo "1819"]
[BlackElo "2104"]
[Result "1-0"]
[Round "05"]
[TimeControl "180+1"]
[Date "2022.04.19"]
[WhiteClock "0:00:35"]
[BlackClock "0:00:01"]

1. d4 d5 2. c4 e6 3. Nf3 Nf6 4. g3 dxc4 5. Bg2 c5 6. O-O Nc6 7. dxc5 Qxd1 8. Rxd1 Bxc5 9. Nbd2 c3 10. bxc3 O-O 11. Nb3 Be7 12. Bb2 Bd7 13. c4 Rfc8 14. Rac1 Be8 15. Ne5 Nxe5 16. Bxe5 Bc6 17. Bxf6 Bxf6 18. Bxc6 Rxc6 19. Rd7 b6 20. c5 h5 21. h4 bxc5 22. Rxc5 Rxc5 23. Nxc5 Rc8 24. Ne4 Rc2 25. Nxf6+ gxf6 26. Rxa7 Rxe2 27. a4 Kg7 28. a5 Ra2 29. a6 f5 30. Ra8 Kf6 31. Kg2 Ra3 32. Kf1 Ra2 33. Ke1 Kg7 34. Kf1 Ra3 35. Ke2 Ra2+ 36. Ke3 Ra3+ 37. Kf4 Kg6 38. Ke5 Ra2 39. a7 1-0


[Site "https://www.chess.com"]

[Event "Titled Tuesday Blitz April 19 Late 2022"]
[White "Antonova, Nadezhda"]
[Black "Mangialardo, Tiago Carvalho"]
[WhiteFideId "14700182"]
[BlackFideId "2130718"]
[WhiteElo "1789"]
[BlackElo "2048"]
[Result "0-1"]
[Round "05"]
[TimeControl "180+1"]
[Date "2022.04.19"]
[WhiteClock "0:00:02"]
[BlackClock "0:00:03"]

1. Nf3 Nf6 2. b3 e6 3. Bb2 d5 4. g3 Be7 5. Bg2 O-O 6. O-O Nbd7 7. c4 Rb8 8. Nc3 c6 9. e3 Re8 10. d4 Bf8 11. Rc1 dxc4 12. bxc4 e5 13. dxe5 Nxe5 14. Nxe5 Qxd1 15. Rfxd1 Rxe5 16. Ne4 Rxe4 17. Bxf6 Re8 18. Bd8 Be6 19. Bc7 Rbc8 20. Ba5 b6 21. Be1 Ba3 22. Rc2 Bf5 23. Rcd2 Bb4 24. Rd4 Bc5 25. R4d2 Be6 26. Rc2 Kf8 27. Bc3 f6 28. Bd4 Be7 29. c5 b5 30. Rcd2 a5 31. h3 b4 32. f4 Kf7 33. Kf2 Red8 34. g4 Bd5 35. e4 Bc4 36. Bf3 a4 37. Ke3 b3 38. axb3 Bxb3 39. Rb1 Bc4 40. Rc2 Bb5 41. Rcb2 Ra8 42. e5 fxe5 43. fxe5 Ke6 44. Be4 g6 45. Kd2 Bg5+ 46. Kc3 Be7 47. Rxb5 cxb5 48. Bxa8 Rxa8 49. Rxb5 Kd5 0-1


[Site "https://www.chess.com"]

[Event "Titled Tuesday Blitz April 19 Late 2022"]
[White "Ardila, Oscar Humberto"]
[Black "Sanchez Alvares, Kelvin Antonio"]
[WhiteFideId "4404742"]
[BlackFideId "3906680"]
[WhiteElo "1983"]
[BlackElo "2193"]
[Result "1-0"]
[Round "05"]
[TimeControl "180+1"]
[Date "2022.04.19"]
[WhiteClock "0:00:42"]
[BlackClock "0:00:25"]

1. d4 d5 2. c4 c6 3. cxd5 cxd5 4. Nc3 Nc6 5. Nf3 Nf6 6. Bf4 Bf5 7. e3 e6 8. Be2 Bb4 9. O-O O-O 10. Rc1 Qa5 11. a3 Bxc3 12. Rxc3 Ne4 13. Rc1 Rfc8 14. Bd3 f6 15. Bxe4 Bxe4 16. Nd2 Bg6 17. Qe2 Qb6 18. b4 a5 19. b5 Ne7 20. a4 Bc2 21. Ra1 Rc3 22. Nb1 Rcc8 23. Rc1 Bd3 24. Qd2 Bc4 25. Na3 Nf5 26. Nxc4 dxc4 27. Qa2 g5 28. Bg3 h5 29. h3 Nxg3 30. fxg3 Qc7 31. Qf2 Kg7 32. Rf1 Qe7 33. Qe2 Qd6 34. Qf3 Rc7 35. Qxf6+ Kh7 36. Qxg5 Rg7 37. Qxh5+ Kg8 38. Rf4 Rxg3 39. Raf1 Qe7 40. Rf7 1-0


[Site "https://www.chess.com"]

[Event "Titled Tuesday Blitz April 19 Late 2022"]
[White "Arnold, Ken"]
[Black "Coelho, Ramyres Santana"]
[WhiteFideId "2056836"]
[BlackFideId "2120690"]
[WhiteElo "2097"]
[BlackElo "1888"]
[Result "1-0"]
[Round "05"]
[TimeControl "180+1"]
[Date "2022.04.19"]
[WhiteClock "0:00:08"]
[BlackClock "0:00:03"]

1. d4 Nf6 2. c4 g6 3. Nf3 Bg7 4. Bf4 d6 5. e3 O-O 6. Nc3 Nh5 7. Bg3 Nxg3 8. hxg3 c5 9. Qc2 Nc6 10. d5 Ne5 11. Nxe5 dxe5 12. Bd3 f5 13. e4 f4 14. gxf4 exf4 15. O-O-O a6 16. e5 b5 17. e6 bxc4 18. Bxg6 hxg6 19. Qxg6 Rf6 20. Qh7+ Kf8 21. Qh8+ Bxh8 22. Rxh8+ Kg7 23. Rxd8 Bb7 24. Rxa8 Bxa8 25. Ne4 Rg6 26. g3 fxg3 27. fxg3 Rg4 28. d6 exd6 29. Nxd6 Kf6 30. Re1 Rg8 31. e7 Bc6 32. e8=Q Bxe8 33. Nxe8+ Kf5 34. Nd6+ Kg4 35. Re3 Rh8 36. Nxc4 Rh1+ 37. Kc2 Rh2+ 38. Nd2 Kf5 39. Rc3 1-0


[Site "https://www.chess.com"]

[Event "Titled Tuesday Blitz April 19 Late 2022"]
[White "Aroesti, Roee"]
[Black "Bryakin, Mikhail"]
[WhiteFideId "2817144"]
[BlackFideId "4165314"]
[WhiteElo "2068"]
[BlackElo "2417"]
[Result "0-1"]
[Round "05"]
[TimeControl "180+1"]
[Date "2022.04.19"]
[WhiteClock "0:00:02"]
[BlackClock "0:00:59"]

1. e4 e6 2. d4 d5 3. e5 c5 4. c3 Qb6 5. Nf3 Nc6 6. Na3 c4 7. Nc2 Nh6 8. Rb1 Nf5 9. b3 cxb3 10. axb3 Be7 11. Bd3 Bd7 12. O-O h5 13. c4 g6 14. c5 Qd8 15. b4 a6 16. g3 Na7 17. Na3 Bb5 18. Nxb5 Nxb5 19. Bc2 Kd7 20. Qd3 Kc7 21. Ba4 Qd7 22. h4 b6 23. Bd2 Kb7 24. Rfc1 Rhc8 25. Rc2 Rc7 26. Rbc1 Rac8 27. Ra2 Qe8 28. Rca1 Qd7 29. Bd1 Ra8 30. Be2 Rcc8 31. Ra4 Qc7 32. R1a2 Rcb8 33. Bf1 Qc6 34. Qb1 Nc7 35. Rxa6 Rxa6 36. Rxa6 Nxa6 37. b5 Qc7 38. bxa6+ Ka7 39. cxb6+ Qxb6 40. Qc2 Bd8 41. Bg5 Bxg5 42. hxg5 Ne7 43. Qa4 Nc6 44. Qa3 Nb4 45. Qa4 Qc6 46. Qd1 Qc3 47. Qb1 Qxf3 48. Qc1 Qb3 49. Qc7+ Ka8 50. a7 Rb7 51. Qc8+ Kxa7 52. Qc5+ Ka8 53. Qc8+ Rb8 54. Qc7 Qa3 55. Qc6+ Nxc6 0-1


[Site "https://www.chess.com"]

[Event "Titled Tuesday Blitz April 19 Late 2022"]
[White "Babazada, Khazar"]
[Black "Djokic, Mihailo"]
[WhiteFideId "13413554"]
[BlackFideId "976440"]
[WhiteElo "2406"]
[BlackElo "2202"]
[Result "1-0"]
[Round "05"]
[TimeControl "180+1"]
[Date "2022.04.19"]
[WhiteClock "0:00:22"]
[BlackClock "0:00:00"]

1. e4 c5 2. Nf3 d6 3. d4 cxd4 4. Nxd4 Nf6 5. Nc3 g6 6. Be2 Bg7 7. Be3 O-O 8. Qd2 Nc6 9. f3 Bd7 10. O-O-O Rc8 11. Kb1 Ne5 12. h4 h5 13. g4 hxg4 14. h5 Rxc3 15. Qxc3 gxf3 16. Nxf3 Nxf3 17. Bxf3 Nd5 18. Qd2 Nxe3 19. Qxe3 Qa5 20. Rd5 Qa6 21. Be2 Qa4 22. hxg6 fxg6 23. Qb3 Qxb3 24. axb3 Bc6 25. Bc4 e6 26. Rxd6 Re8 27. Rf1 Bxe4 28. Bxe6+ Kh7 29. Bf7 1-0


[Site "https://www.chess.com"]

[Event "Titled Tuesday Blitz April 19 Late 2022"]
[White "Baches Garcia, Guillermo"]
[Black "Jarocka, Liwia"]
[WhiteFideId "2209764"]
[BlackFideId "21807558"]
[WhiteElo "2505"]
[BlackElo "1896"]
[Result "1/2-1/2"]
[Round "05"]
[TimeControl "180+1"]
[Date "2022.04.19"]
[WhiteClock "0:00:17"]
[BlackClock "0:01:02"]

1. e4 c6 2. Nc3 d5 3. Nf3 dxe4 4. Nxe4 Nf6 5. Qe2 Nxe4 6. Qxe4 Nd7 7. d4 Nf6 8. Qf4 Qd6 9. Qd2 Bg4 10. Ne5 Bf5 11. Bc4 e6 12. O-O Be7 13. c3 O-O 14. Qe2 Qc7 15. Bf4 Bd6 16. a4 Rad8 17. Rfd1 Bg6 18. Bg3 Bh5 19. f3 Bg6 20. Bh4 Be7 21. Bg3 Bd6 22. Bh4 Be7 23. a5 Nd5 24. Bg3 Bd6 25. a6 b6 26. f4 Ne7 27. Bh4 Bxe5 28. fxe5 Rd7 29. Bxe7 Rxe7 30. h4 h6 31. h5 Bh7 32. Bd3 c5 33. Bxh7+ Kxh7 34. Qe4+ Kh8 35. Rd3 cxd4 36. cxd4 Qc2 37. Rf1 Rd8 38. Rf2 Qb1+ 39. Kh2 Red7 40. Rfd2 Kg8 41. Qg4 1/2-1/2


[Site "https://www.chess.com"]

[Event "Titled Tuesday Blitz April 19 Late 2022"]
[White "Bacrot, Etienne"]
[Black "Kanyamarala, Tarun"]
[WhiteFideId "605506"]
[BlackFideId "45004714"]
[WhiteElo "2673"]
[BlackElo "2177"]
[Result "1-0"]
[Round "05"]
[TimeControl "180+1"]
[Date "2022.04.19"]
[WhiteClock "0:02:29"]
[BlackClock "0:01:56"]

1. e4 c5 2. Nf3 Nc6 3. Bb5 e5 4. O-O Bd6 5. Na3 Nge7 6. c3 a6 7. Nc4 Bc7 8. Bxc6 Nxc6 9. d4 cxd4 10. cxd4 exd4 11. Nxd4 d5 12. exd5 Qxd5 13. Re1+ Be6 14. Nxe6 Qxd1 15. Nxc7+ Kd7 16. Rxd1+ 1-0


[Site "https://www.chess.com"]

[Event "Titled Tuesday Blitz April 19 Late 2022"]
[White "Baker, Chris W"]
[Black "Urbina Perez, Juan Antonio"]
[WhiteFideId "401676"]
[BlackFideId "2217368"]
[WhiteElo "2242"]
[BlackElo "2192"]
[Result "0-1"]
[Round "05"]
[TimeControl "180+1"]
[Date "2022.04.19"]
[WhiteClock "0:00:28"]
[BlackClock "0:01:30"]

1. c4 c6 2. Nf3 d5 3. d4 Nf6 4. Nc3 a6 5. e3 Bf5 6. Qb3 Ra7 7. Be2 e6 8. O-O Bd6 9. c5 Bc7 10. Bd2 O-O 11. a3 Nbd7 12. Na4 Re8 13. Nh4 Bg6 14. Nxg6 hxg6 15. f4 Ne4 16. Be1 g5 17. Bf3 gxf4 18. Bxe4 dxe4 19. exf4 Nf6 20. Rd1 Nd5 21. g3 f5 22. Bf2 g5 23. fxg5 Qxg5 24. Rde1 Kg7 25. Be3 f4 26. Bc1 e3 27. Kh1 fxg3 28. Qc2 Rh8 29. Rg1 Kf7 30. Ref1+ Ke7 31. Qd2 exd2 0-1


[Site "https://www.chess.com"]

[Event "Titled Tuesday Blitz April 19 Late 2022"]
[White "Balint, Vilmos"]
[Black "Nozdrachev, Leonid"]
[WhiteFideId "718050"]
[BlackFideId "24113433"]
[WhiteElo "2059"]
[BlackElo "2242"]
[Result "1-0"]
[Round "05"]
[TimeControl "180+1"]
[Date "2022.04.19"]
[WhiteClock "0:00:52"]
[BlackClock "0:00:03"]

1. f4 e5 2. e4 d5 3. exd5 exf4 4. Nf3 c6 5. d4 Bd6 6. dxc6 Nxc6 7. Bd3 Bg4 8. c3 Nge7 9. O-O Qc7 10. Nbd2 O-O-O 11. Nc4 Nd5 12. Nxd6+ Qxd6 13. Qb3 Rhe8 14. Bd2 Ne3 15. Rf2 Be6 16. Qa4 h6 17. b4 Kb8 18. b5 Ne7 19. Ne5 N7d5 20. Nc4 Nxc4 21. Qxc4 g5 22. Qa4 Rc8 23. Qc2 Nb4 24. Qb1 Nxd3 25. Qxd3 Qd5 26. a4 Bf5 27. Qf3 Be4 28. Qh5 Re6 29. Re1 Bg6 30. Qg4 Bf5 31. Qh5 Rce8 32. Rxe6 Rxe6 33. h3 Qb3 34. Bxf4+ Kc8 35. Be5 Bg6 36. Qf3 Qxa4 37. Qd5 Qd1+ 38. Kh2 Qd3 39. Qc5+ Kd7 40. Qc7+ Ke8 41. Bd6 Rxd6 42. Qxd6 Qxb5 43. Rf3 Be4 44. Qb8+ Kd7 45. Rxf7+ Ke6 46. Qf8 Qe2 47. Rf6+ Kd5 48. Qc5# 1-0


[Site "https://www.chess.com"]

[Event "Titled Tuesday Blitz April 19 Late 2022"]
[White "Barria Zuniga, Daniel"]
[Black "Wachinger, Guenther"]
[WhiteFideId "3400816"]
[BlackFideId "4604261"]
[WhiteElo "2414"]
[BlackElo "2212"]
[Result "1-0"]
[Round "05"]
[TimeControl "180+1"]
[Date "2022.04.19"]
[WhiteClock "0:00:07"]
[BlackClock "0:00:01"]

1. c4 e6 2. Nf3 d5 3. d4 c6 4. Nc3 dxc4 5. e3 b5 6. a4 Bb4 7. Bd2 a5 8. axb5 Bxc3 9. Bxc3 cxb5 10. b3 Bb7 11. bxc4 b4 12. Bb2 Nf6 13. Bd3 Nbd7 14. O-O O-O 15. Re1 Qc7 16. Rc1 a4 17. e4 e5 18. c5 Rfe8 19. c6 a3 20. cxd7 Qxd7 21. Ba1 exd4 22. e5 Nd5 23. Nxd4 Nf4 24. Bf5 Qe7 25. Qg4 Nxg2 26. Re4 Bxe4 27. Bxe4 Rac8 28. Rd1 Nh4 29. Nc6 Qe6 30. Qxe6 fxe6 31. Nxb4 Nf5 32. Kg2 Rc4 33. Bxf5 Rxb4 34. Bh3 g5 35. Rd6 g4 36. Bc3 1-0


[Site "https://www.chess.com"]

[Event "Titled Tuesday Blitz April 19 Late 2022"]
[White "Bas Mas, Jose Joaquin"]
[Black "Bowden, Karl"]
[WhiteFideId "22219064"]
[BlackFideId "400548"]
[WhiteElo "2212"]
[BlackElo "2330"]
[Result "0-1"]
[Round "05"]
[TimeControl "180+1"]
[Date "2022.04.19"]
[WhiteClock "0:00:02"]
[BlackClock "0:00:17"]

1. e4 e5 2. Nc3 Bb4 3. g3 Ne7 4. Bg2 O-O 5. Nge2 d6 6. d3 f5 7. Bg5 h6 8. Bxe7 Qxe7 9. a3 Bxc3+ 10. Nxc3 f4 11. Nd5 Qd8 12. gxf4 exf4 13. Bf3 c6 14. Nc3 c5 15. Qd2 Nc6 16. Nd5 Nd4 17. Bd1 Qg5 18. c3 Qg2 19. Rf1 Bh3 20. Be2 Nxe2 21. Kxe2 f3+ 22. Kd1 Qxf1+ 23. Kc2 Qe2 24. Rg1 Kh7 25. c4 Be6 26. Ne3 Rf4 27. Re1 Qxd2+ 28. Kxd2 Rh4 29. Nf1 Bh3 30. Ng3 Rd8 31. Ke3 Bg2 32. Nf5 Rxh2 33. b4 Rh5 34. Ng3 Rg5 35. b5 Rf8 36. Rb1 h5 37. Nf1 Bxf1 38. Rxf1 Kh6 39. Rh1 Rg2 40. a4 g5 41. d4 g4 42. dxc5 dxc5 43. Rd1 Kg5 44. Rd5+ Kg6 45. Rxc5 h4 46. Rc7 h3 47. Rxb7 h2 48. Rxa7 h1=Q 49. Ra6+ Kg5 50. Kd4 Qd1+ 51. Kc5 Rd8 52. Rc6 Qd4+ 53. Kb4 Rg1 54. Rc5+ Kh4 55. Rd5 Rb1+ 56. Ka5 Qa7# 0-1


[Site "https://www.chess.com"]

[Event "Titled Tuesday Blitz April 19 Late 2022"]
[White "Bashirli, Nail"]
[Black "Timofeev, Artyom"]
[WhiteFideId "13406809"]
[BlackFideId "4140419"]
[WhiteElo "2333"]
[BlackElo "2594"]
[Result "1-0"]
[Round "05"]
[TimeControl "180+1"]
[Date "2022.04.19"]
[WhiteClock "0:00:11"]
[BlackClock "0:00:02"]

1. e4 c5 2. Nc3 d6 3. Nf3 Nc6 4. d4 cxd4 5. Nxd4 Nf6 6. Bg5 e6 7. Qd2 a6 8. O-O-O Bd7 9. f4 b5 10. Nf3 b4 11. Bxf6 Qxf6 12. Na4 Qd8 13. Qe3 Rb8 14. Kb1 Be7 15. g4 O-O 16. f5 Na5 17. f6 Bxa4 18. fxe7 Qxe7 19. Bxa6 Qc7 20. Rd2 Bb5 21. Bxb5 Rxb5 22. b3 Rc5 23. Rhd1 Nb7 24. Nd4 Na5 25. Nf3 Rd8 26. Qf4 Nb7 27. h4 Rc8 28. Rc1 Ra8 29. e5 Rca5 30. a4 bxa3 31. c4 dxe5 32. Qe3 Nc5 33. Ka2 Na6 34. Rcd1 Nb4+ 35. Ka1 h6 36. g5 h5 37. g6 fxg6 38. Qe4 Rf8 39. Ng5 Qe7 40. Qxg6 1-0


[Site "https://www.chess.com"]

[Event "Titled Tuesday Blitz April 19 Late 2022"]
[White "Bibasa, Bob"]
[Black "Santiago, Yago De Moura"]
[WhiteFideId "10000240"]
[BlackFideId "2103877"]
[WhiteElo "2056"]
[BlackElo "2475"]
[Result "1-0"]
[Round "05"]
[TimeControl "180+1"]
[Date "2022.04.19"]
[WhiteClock "0:00:26"]
[BlackClock "0:00:02"]

1. e4 e5 2. Nf3 Nc6 3. Bc4 Bc5 4. c3 Nf6 5. d3 d6 6. Nbd2 O-O 7. Nf1 Be6 8. Bb3 d5 9. Ng3 dxe4 10. dxe4 Qxd1+ 11. Bxd1 Rad8 12. Bg5 Ng4 13. Bxd8 Bxf2+ 14. Kf1 Rxd8 15. Be2 Bb6 16. Rc1 Ne3+ 17. Kf2 g6 18. Nf1 Nd1+ 19. Kg3 Nxb2 20. N1d2 Be3 21. Rc2 Na4 22. Bb5 Nc5 23. Bxc6 Bf4+ 24. Kf2 bxc6 25. g3 Nd3+ 26. Kg2 Bh6 27. Nb3 c5 28. c4 f5 29. Re2 Bxc4 30. exf5 Nf4+ 31. gxf4 Bxe2 32. fxe5 gxf5 33. Nxc5 Be3 34. Ne6 Re8 35. Re1 Rxe6 36. Rxe2 f4 37. Rc2 c5 38. Kf1 Ra6 39. Ke2 Kf7 40. Rb2 Kg6 41. Kd3 Kf5 42. Rb7 Rxa2 43. Rxh7 Ra3+ 44. Kc4 Ke4 45. e6 Kxf3 46. e7 Ra4+ 47. Kd5 Rd4+ 48. Kxc5 Re4+ 49. Kd5 Rd4+ 50. Ke5 Re4+ 51. Kf5 1-0


[Site "https://www.chess.com"]

[Event "Titled Tuesday Blitz April 19 Late 2022"]
[White "Bilych, Olexiy"]
[Black "Bluebaum, Matthias"]
[WhiteFideId "14156504"]
[BlackFideId "24651516"]
[WhiteElo "2176"]
[BlackElo "2550"]
[Result "0-1"]
[Round "05"]
[TimeControl "180+1"]
[Date "2022.04.19"]
[WhiteClock "0:00:57"]
[BlackClock "0:00:32"]

1. d4 Nf6 2. c4 e6 3. Nc3 Bb4 4. e3 c5 5. a3 Bxc3+ 6. bxc3 b6 7. Nf3 Bb7 8. Bd3 O-O 9. O-O Nc6 10. Qe2 d6 11. e4 e5 12. d5 Ne7 13. Nh4 Bc8 14. f4 exf4 15. Bxf4 Bg4 16. Qf2 Nh5 17. Bd2 Ng6 18. Nxg6 fxg6 19. Qe3 Qe7 20. Qg5 Qxg5 21. Bxg5 Rae8 22. Rxf8+ Kxf8 23. Rf1+ Kg8 24. h3 Bc8 25. g4 h6 26. gxh5 hxg5 27. hxg6 Rf8 28. Rxf8+ Kxf8 29. Kg2 Ke7 30. e5 dxe5 31. Kg3 Kf6 32. Be4 Bd7 33. d6 Ke6 34. Kg4 Kxd6+ 35. Bf5 e4 0-1


[Site "https://www.chess.com"]

[Event "Titled Tuesday Blitz April 19 Late 2022"]
[White "Blackman, Justin"]
[Black "Stanisz, Patryk"]
[WhiteFideId "11100516"]
[BlackFideId "1123106"]
[WhiteElo "2112"]
[BlackElo "1833"]
[Result "1-0"]
[Round "05"]
[TimeControl "180+1"]
[Date "2022.04.19"]
[WhiteClock "0:01:41"]
[BlackClock "0:00:01"]

1. e4 c5 2. Nf3 Nc6 3. b3 d6 4. Bb2 Nf6 5. Nc3 e5 6. Bb5 Bd7 7. O-O Be7 8. d3 O-O 9. Bxc6 Bxc6 10. Nd2 b5 11. f4 b4 12. Ne2 Ng4 13. Rf3 f5 14. fxe5 fxe4 15. Rg3 Nxe5 16. Nxe4 Bh4 17. Rh3 Bxe4 18. dxe4 Qg5 19. Ng3 Qe3+ 20. Kh1 Bxg3 21. Qd5+ Kh8 22. Rxg3 Qf4 23. Rg1 Ng4 24. Bxg7+ Kxg7 25. Qh5 Kh8 26. Rxg4 Qf2 27. e5 d5 28. e6 Qf6 29. Qxd5 1-0


[Site "https://www.chess.com"]

[Event "Titled Tuesday Blitz April 19 Late 2022"]
[White "Bortnyk, Olexandr"]
[Black "Najer, Evgeniy"]
[WhiteFideId "14120828"]
[BlackFideId "4118987"]
[WhiteElo "2723"]
[BlackElo "2562"]
[Result "1-0"]
[Round "05"]
[TimeControl "180+1"]
[Date "2022.04.19"]
[WhiteClock "0:00:05"]
[BlackClock "0:00:04"]

1. d4 d5 2. Nc3 Nf6 3. Bf4 Bf5 4. e3 e6 5. Nf3 h6 6. Bd3 Bxd3 7. cxd3 Bd6 8. Ne5 Nbd7 9. Qb3 Rb8 10. O-O a6 11. Rac1 O-O 12. Ne2 Nh5 13. Nxd7 Nxf4 14. Nxf4 Qxd7 15. Ne2 c6 16. f4 Rbc8 17. a4 Rc7 18. Rf3 c5 19. dxc5 Rxc5 20. Rcf1 b5 21. Nc3 bxa4 22. Nxa4 Rb5 23. Qd1 Rb4 24. b3 Rfb8 25. Nc3 Rxb3 26. Ne2 Qb7 27. Nd4 Rb1 28. Qa4 Bc5 29. f5 e5 30. Nc6 Rxf1+ 31. Rxf1 Bxe3+ 32. Kh1 Qb1 33. Rd1 Rb3 34. Qg4 Qc2 35. f6 1-0


[Site "https://www.chess.com"]

[Event "Titled Tuesday Blitz April 19 Late 2022"]
[White "Buchenau, Frank"]
[Black "Ladan, Nicholas"]
[WhiteFideId "4604350"]
[BlackFideId "30918855"]
[WhiteElo "2193"]
[BlackElo "2167"]
[Result "1-0"]
[Round "05"]
[TimeControl "180+1"]
[Date "2022.04.19"]
[WhiteClock "0:00:37"]
[BlackClock "0:00:16"]

1. e4 e5 2. Bc4 Nc6 3. Nf3 Nf6 4. d3 h6 5. O-O d6 6. Re1 g6 7. d4 Qe7 8. Nc3 Bg7 9. Nd5 Nxd5 10. exd5 Na5 11. dxe5 dxe5 12. Bb5+ c6 13. dxc6 bxc6 14. Ba4 O-O 15. Bd2 Nc4 16. Bc3 Bg4 17. h3 Bf5 18. Bb3 Qc5 19. Qe2 Be6 20. Nxe5 Nxe5 21. Bxe5 Bxb3 22. Bxg7 Kxg7 23. axb3 Rfe8 24. Qc4 Qxc4 25. bxc4 Rxe1+ 26. Rxe1 Rd8 27. Re2 Kf6 28. Kh2 h5 29. Kg3 h4+ 30. Kf3 g5 31. Ke3 Kf5 32. Rd2 Re8+ 33. Kf3 Re7 34. Rd6 Rb7 35. b3 Rc7 36. Ke3 Ke5 37. c5 f5 38. b4 a5 39. bxa5 Ra7 40. Rxc6 Rxa5 41. Rc8 Ra3+ 42. Kd2 g4 43. hxg4 fxg4 44. Rd8 h3 45. gxh3 gxh3 46. c6 Ra7 47. Rd7 Rxd7+ 48. cxd7 h2 49. d8=Q h1=Q 50. Qc7+ Kd4 51. Qd6+ Kc4 52. Qd3+ Kb4 53. Qd4+ Ka3 54. f4 Qg2+ 55. Kd3 Qf1+ 56. Ke4 Qe2+ 57. Qe3+ 1-0


[Site "https://www.chess.com"]

[Event "Titled Tuesday Blitz April 19 Late 2022"]
[White "Burke, Paul"]
[Black "Bachmann, Axel"]
[WhiteFideId "2605767"]
[BlackFideId "3700488"]
[WhiteElo "1881"]
[BlackElo "2587"]
[Result "0-1"]
[Round "05"]
[TimeControl "180+1"]
[Date "2022.04.19"]
[WhiteClock "0:00:06"]
[BlackClock "0:00:04"]

1. e4 c5 2. d4 cxd4 3. c3 dxc3 4. Nxc3 Nc6 5. Nf3 d6 6. Bc4 a6 7. O-O Nf6 8. Qe2 Bg4 9. Be3 Bxf3 10. gxf3 e6 11. Rfd1 Be7 12. f4 Qb8 13. Bb6 O-O 14. Rac1 Re8 15. Bd3 d5 16. e5 Nd7 17. Na4 g6 18. Be3 Bf8 19. Bb1 Rc8 20. Nb6 Nxb6 21. Bxb6 Ne7 22. h4 Rc6 23. Bd4 Nf5 24. Bxf5 gxf5 25. Kh2 Bg7 26. Rg1 Rxc1 27. Rxc1 Qd8 28. Qh5 Rc8 29. Rg1 Rc4 30. Be3 Qf8 31. Qg5 Kh8 32. h5 h6 33. Qh4 d4 34. Bc1 d3 35. Bd2 Bxe5 36. Qg3 Bg7 37. Qxd3 Re4 0-1


[Site "https://www.chess.com"]